[Event "58th Akiba Rubinstein GM 2022"]
[Site "Polanica-Zdroj"]
[Date "2022.08.16"]
[Round "3.1"]
[White "Mastrovasilis, Dimitrios"]
[Black "Donchenko, Alexander"]
[Result "1/2-1/2"]
[ECO "B90"]
[WhiteElo "2597"]
[BlackElo "2630"]
[Annotator "TA"]
[PlyCount "69"]
[EventDate "2022.08.13"]
[EventCountry "POL"]
[SourceTitle "playchess.com"]
[Source "ChessBase"]
[SourceQuality "1"]
[TimeControl "40/5400+30:1800+30"]

1. e4 c5 2. Nf3 d6 3. d4 cxd4 4. Nxd4 Nf6 5. Nc3 a6 6. Be3 e5 7. Nf3 Be7 8. Bc4 Be6 9. Bxe6 {[%emt 0:01:08] B90: Sicilian Najdorf: Unusual White 6th moves, 6 Be3 Ng4 and 6 Be3 e5.} fxe6 10. Ng5 Qd7 11. Qf3 {[%emt 0:00:17] With the idea Qh3.} Nc6 (11... d5 $5 ) 12. Qh3 {[%emt 0:14:49] Threatens to win with Na4.} Nd8 13. Bb6 h6 14. O-O-O {[%emt 0:00:52] Bxd8 is the strong threat.} O-O 15. Bxd8 hxg5 16. Bxe7 Qxe7 {[%emt 0:00:05] [#]} 17. Rd2 $146 ({Predecessor:} 17. Qg3 b5 18. f3 g4 19. Rhe1 gxf3 20. Qxf3 Rac8 21. Qd3 Rfd8 22. Kb1 Rc4 23. a4 {0-1 (48) Studer,N (2573)-Keymer,V (2568) Karlsruhe 2020}) 17... b5 18. Qd3 Rfd8 19. Rhd1 Rac8 20. f3 Rc6 21. Kb1 Rdc8 22. a3 Nd7 23. Na2 Nc5 24. Qe2 Rb6 25. Nc1 a5 26. Nb3 Nb7 (26... Na4 $15) 27. Qe3 (27. Qf2 $5 Qd8 28. Nc1 $11) 27... Rbc6 28. Qe2 Rb6 29. Qe3 (29. Qf2 $5 Qd8 30. h3 $11) 29... Rbc6 30. Qe2 Qc7 31. Qxb5 (31. h3 $11) 31... Rxc2 $15 32. Ka2 {[%emt 0:04:14] [#] Black must now prevent Rxc2.} Rc4 (32... Rc6 $5 ) 33. Nc1 {[%emt 0:01:18] The position is equal.} a4 34. Nd3 Na5 {[%emt 0:08:28] Hoping for ...Nb3.} 35. Nb4 {[%emt 0:00:41] Weighted Error Value: White=0.12 (very precise) /Black=0.10 (very precise)} 1/2-1/2

[Event "58th Akiba Rubinstein GM 2022"]
[Site "Polanica-Zdroj"]
[Date "2022.08.16"]
[Round "3.2"]
[White "Teclaf, Pawel"]
[Black "Plat, Vojtech"]
[Result "1/2-1/2"]
[ECO "C58"]
[WhiteElo "2550"]
[BlackElo "2556"]
[Annotator "TA"]
[PlyCount "27"]
[EventDate "2022.08.13"]
[EventCountry "POL"]
[SourceTitle "playchess.com"]
[Source "ChessBase"]
[SourceQuality "1"]
[TimeControl "40/5400+30:1800+30"]

1. e4 e5 2. Nf3 Nc6 3. Bc4 Nf6 4. Ng5 d5 5. exd5 Na5 6. Bb5+ c6 7. dxc6 bxc6 8. Bd3 Nd5 {[%emt 0:00:34] C58: Two Knights: 4 Ng5 d5 5 exd5 Na5 sidelines.} 9. h4 ({Worse is} 9. Qh5 g6 10. Nxf7 gxh5 $17) 9... h6 {[%emt 0:00:05] 9...Qc7 is setting a new trend.} 10. Qh5 {[%emt 0:00:21][%csl Gg5][%cal Rh5f7] [#]} Qf6 {[%emt 0:00:04] aiming for ...Nf4.} 11. Ne4 (11. Nh7 $5 Qf4 12. Nxf8 $11) 11... Qe6 {[%emt 0:00:10] [#]} 12. Ng5 $146 ({Predecessor:} 12. Qf3 f5 13. Nbc3 Nb4 14. b3 Nxd3+ 15. Qxd3 fxe4 16. Nxe4 Be7 17. Bb2 O-O 18. O-O-O c5 19. g4 c4 20. Qc3 {1-0 (33) Nepomniachtchi,I (2773)-Sadhwani,R (2616) Chess.com INT 2022}) 12... Qf6 {[%emt 0:00:07] ...Nf4 is the strong threat.} 13. Ne4 (13. Nh7 $5 Qf4 14. Nxf8 $14) 13... Qe6 14. Ng5 {[%emt 0:00:03] Weighted Error Value: White=0.11 (very precise) /Black=0.06 (flawless)} 1/2-1/2

[Event "58th Akiba Rubinstein GM 2022"]
[Site "Polanica-Zdroj"]
[Date "2022.08.16"]
[Round "3.4"]
[White "Kempinski, Robert"]
[Black "Tazbir, Marcin"]
[Result "1/2-1/2"]
[ECO "A21"]
[WhiteElo "2558"]
[BlackElo "2511"]
[Annotator "TA"]
[PlyCount "60"]
[EventDate "2022.08.13"]
[EventCountry "POL"]
[SourceTitle "playchess.com"]
[Source "ChessBase"]
[SourceQuality "1"]
[TimeControl "40/5400+30:1800+30"]

1. c4 e5 2. Nc3 f5 3. g3 d6 4. Bg2 Nf6 5. d3 Be7 6. Nf3 O-O 7. O-O c6 8. Rb1 a5 9. a3 {[%emt 0:00:11][%cal Ba2a3,Ba3b4][%mdl 32] A21: English Opening: 1...e5 2 Nc3.} h6 10. b4 axb4 11. axb4 Be6 12. Bb2 {[%emt 0:02:43] [#]} Qe8 $146 ({Predecessor:} 12... Nbd7 13. Nd2 d5 14. cxd5 cxd5 15. Qb3 Nb6 16. e4 Qd7 17. exd5 Nfxd5 18. Nxd5 Nxd5 {½-½ (31) Ruzic,P (1660)-Laco,G (1958) Nova Gorica 2018}) 13. b5 Nbd7 14. e3 Nc5 15. bxc6 bxc6 16. d4 Ncd7 17. dxe5 Nxe5 18. c5 Nxf3+ 19. Bxf3 dxc5 20. Qc2 Nd5 21. Na4 c4 22. Qxc4 {[%emt 0:06:20] The position is equal.} f4 {[%emt 0:01:51] [#] Hoping for ...fxg3.} 23. Nc5 ({Reject} 23. exf4 {[#]} Nxf4 $1 24. Qxc6 Nh3+ 25. Kg2 Qf7 $15) 23... fxe3 24. fxe3 Bf7 25. e4 Nf4 26. Qd4 Bxc5 27. Qxc5 Nd3 28. Qc3 Nxb2 29. Rxb2 Be6 30. Rbf2 Qd7 {[%emt 0:01:10] Weighted Error Value: White=0.06 (flawless) /Black=0.05 (flawless)} 1/2-1/2

[Event "58th Akiba Rubinstein GM 2022"]
[Site "Polanica-Zdroj"]
[Date "2022.08.16"]
[Round "3.5"]
[White "Tomczak, Jacek"]
[Black "Sumets, Andrey"]
[Result "1/2-1/2"]
[ECO "B14"]
[WhiteElo "2596"]
[BlackElo "2547"]
[Annotator "TA"]
[PlyCount "161"]
[EventDate "2022.08.13"]
[EventCountry "POL"]
[SourceTitle "playchess.com"]
[Source "ChessBase"]
[SourceQuality "1"]
[TimeControl "40/5400+30:1800+30"]

1. e4 c6 2. d4 d5 3. exd5 cxd5 4. c4 Nf6 5. Nc3 e6 6. Nf3 Bb4 7. cxd5 Nxd5 8. Bd2 Nc6 9. Bd3 O-O 10. O-O Be7 11. Re1 Ndb4 {[%emt 0:05:39][%csl LRd3,LRd4] B14: Caro-Kann: Panov-Botvinnik Attack with 5...e6 and 5...g6.} 12. Be4 Nxd4 13. Nxd4 Qxd4 14. Qe2 (14. Qh5 f5 15. Be3 Qf6 $15) 14... Nc6 {[%emt 0:33:55] [#]} (14... f5 $5 15. Be3 Qf6 $11) 15. Rad1 $146 {[%emt 0:03:20][%mdl 1024] White has compensation.} (15. Qh5 f5 16. Bxc6 (16. Be3 Qb4 $15) 16... Qxd2 $11) ({Predecessor:} 15. Nb5 Qf6 16. Bc3 Qh6 17. Rad1 Bf6 18. Rd3 Bxc3 19. Rxc3 e5 20. Rd1 a6 21. Bxc6 bxc6 {½-½ (34) Sylvan,J (2326)-Turov,M (2600) Teplice 2018}) 15... Qf6 16. Be3 Bb4 17. Qh5 h6 18. h4 Bxc3 19. bxc3 e5 20. Bc1 {[%emt 0:11:22] A strong pair of Bishops.} (20. Rd3 $5 ) 20... Rd8 21. Rxd8+ Nxd8 22. Bc2 Nc6 23. Re3 Qf4 24. Qd1 Be6 25. Qd3 {[%emt 0:08:27] aiming for Qh7+.} f5 26. Qb5 Rb8 (26... Qxh4 $2 27. Qxb7 Rf8 28. Qxc6 $18) 27. Bb3 (27. Qb1 $142 Qxh4 28. Bxf5 Bxf5 29. Qxf5) 27... Bxb3 $17 28. Qxb3+ Kh8 29. Qf7 e4 $1 {[%emt 0:02:07] And now ...Ne5 would win.} (29... Qxh4 30. Qxf5 Qf4 31. Qb1 $15) 30. Re1 Qe5 ({Much weaker is} 30... Qxh4 $6 31. Qxf5 Re8 32. Bf4 $11) (30... Qg4 $1 $17 {Strongly threatening ...Ne5.} 31. Qe6 Rd8) 31. Rd1 $11 Kh7 32. h5 Rd8 33. Rxd8 Nxd8 {[%emt 0:00:04][%mdl 4096] Endgame KQB-KQN} 34. Qg6+ Kh8 35. Be3 (35. Bxh6 $1 $11 f4 36. Bxf4 Qxf4 37. Qe8+ Kh7 38. Qxd8) 35... Nc6 ({Black should play} 35... Qe6 $1 $15) 36. Qf7 b6 37. g3 b5 38. Bf4 Qc5 39. Be3 Qe5 40. Bf4 Qc5 41. Qe8+ Kh7 42. Qe6 a5 (42... Ne7 $2 43. Be3 (43. Bd6 Qd5 $11) 43... Qd5 44. Qxe7 $18) 43. Be3 Qc4 44. Qxf5+ Kh8 45. a3 a4 (45... Qxc3 $11 46. Qxb5 Qf6) 46. Kg2 $14 Kg8 47. Qg6 {[%emt 0:01:35] Bxh6 is the strong threat.} Kh8 48. Qf5 Kg8 $1 49. Kg1 Kh8 50. g4 (50. Bc5 $5 Nd8 51. Be3 $14) 50... Qxc3 51. Qxb5 Qf6 52. Qxa4 (52. Qd5 {is more complex.} Qf3 53. Qd7 Ne7 54. Kf1) 52... Qe6 53. Kf1 Qxg4 54. Ke1 Qe6 (54... Qg1+ $2 55. Kd2 Ne7 56. Qxe4 $16) 55. Qc2 Na5 56. Qc5 Nc6 57. Bf4 Qd7 58. Qf8+ Kh7 59. Qd6 Qxd6 (59... Qf5 $11) 60. Bxd6 $11 {[%emt 0:00:04] KB-KN} g6 61. Kd2 $1 gxh5 62. Ke3 Na5 63. Bb4 ({Much less strong is} 63. Kxe4 $6 Nc4) 63... Nc4+ 64. Kd4 (64. Kxe4 $18 {Black must now prevent Kd5.} Nb6 65. Bc5) 64... Nb6 65. Kxe4 Kg6 {[%emt 0:00:24] [#]} (65... h4 $16) 66. Bc5 ({White has to play} 66. Be7 $1 $18) 66... Nd7 (66... Na4 $1 $14 67. Bd4 h4) 67. Bd6 Kf6 (67... Nb6 $142 68. Be7 Na4) 68. Kd5 $18 {[%emt 0:01:13] Hoping for Bc7.} h4 $2 {[%emt 0:00:06] [#]} (68... Nb6+ {was called for.} 69. Kc5 Na4+ 70. Kb4 Ke6) 69. Ke4 $2 (69. Bh2 $1 $18 Kf5 70. Kd6) 69... Ke6 $11 {[%emt 0:00:13] The position is equal.} 70. Bh2 Nc5+ 71. Kd4 Na4 72. f3 h3 73. Kc4 Kd7 74. Kd5 Nc3+ 75. Ke5 Ne2 76. Ke4 Kc6 77. Ke3 Nc3 78. Kf4 Nb5 79. Kg4 Nxa3 80. f4 Nc4 81. Kxh3 {[%emt 0:00:13] Quite a comeback for White.  Weighted Error Value: White=0.10 (very precise) /Black=0.18 (very precise)} 1/2-1/2

[Event "58th Akiba Rubinstein GM 2022"]
[Site "Polanica-Zdroj"]
[Date "2022.08.16"]
[Round "4.1"]
[White "Tazbir, Marcin"]
[Black "Nasuta, Grzegorz"]
[Result "1/2-1/2"]
[ECO "D85"]
[WhiteElo "2511"]
[BlackElo "2500"]
[Annotator "TA"]
[PlyCount "63"]
[EventDate "2022.08.13"]
[EventCountry "POL"]
[SourceTitle "playchess.com"]
[Source "ChessBase"]
[SourceQuality "1"]
[TimeControl "40/5400+30:1800+30"]

1. c4 Nf6 2. Nc3 d5 3. cxd5 Nxd5 4. d4 g6 5. g3 Bg7 6. Bg2 Nxc3 7. bxc3 c5 8. Nf3 Nc6 9. O-O cxd4 10. cxd4 Nxd4 11. Nxd4 Qxd4 12. Rb1 O-O {[%emt 0:00:41] The position is equal.} 13. Be3 {[%emt 0:03:12] D75: Fianchetto Grünfeld: Main Line with 7...c5.} Qc4 14. Bd5 Qa6 15. Qb3 Qxe2 16. Bc5 {[%emt 0:02:26] [#] Rfe1 is the strong threat.} Bf5 17. Rfe1 Qd2 18. Rbd1 {[%emt 0:01:01] [#]} Qc2 $146 ({Predecessor:} 18... Qc3 19. Qxc3 Bxc3 20. Rxe7 Rac8 21. Be3 Rfd8 22. Rxb7 {½-½ (22) Koch,H (2101)-Boehnke,H (2015) GER email 2013}) 19. Qxc2 Bxc2 20. Rc1 Bf5 21. Rxe7 Rac8 {[%emt 0:03:25] [#] Strongly threatening ...Bb2.} 22. Rxb7 Bd4 23. Ba3 Rxc1+ 24. Bxc1 Be6 25. Bxe6 fxe6 26. Be3 Bxe3 27. fxe3 $11 {[%emt 0:00:04] KR-KR} Rf7 28. Rb8+ Kg7 29. Kg2 Rf5 30. Rb7+ Rf7 31. Rb8 Rf5 32. Rb7+ {[%emt 0:00:03] A balanced but interesting game.  Weighted Error Value: White=0.01 (flawless) /Black=0.00 (flawless)} 1/2-1/2

[Event "58th Akiba Rubinstein GM 2022"]
[Site "Polanica-Zdroj"]
[Date "2022.08.16"]
[Round "4.2"]
[White "Plat, Vojtech"]
[Black "Sumets, Andrey"]
[Result "1-0"]
[ECO "B10"]
[WhiteElo "2556"]
[BlackElo "2547"]
[Annotator "TA"]
[PlyCount "71"]
[EventDate "2022.08.13"]
[EventCountry "POL"]
[SourceTitle "playchess.com"]
[Source "ChessBase"]
[SourceQuality "1"]
[TimeControl "40/5400+30:1800+30"]

1. e4 c6 2. Nf3 d5 3. d3 dxe4 4. dxe4 Qxd1+ 5. Kxd1 Nf6 6. Nbd2 {[%emt 0:00:04] B10: Caro-Kann: 2 d3 and 2 c4.} g6 {[%emt 0:00:08] 6...g6 scores better than 6...Bg4.} 7. Ne1 h5 8. f3 {[%emt 0:00:32] White has an edge.} Bh6 {[%emt 0:00:08] [#]} 9. a4 $146 ({Predecessor:} 9. c3 Nbd7 10. Nd3 h4 11. a4 Nh5 12. Nc4 Bxc1 13. Kxc1 Nb6 14. Ne3 a5 15. g4 {½-½ (79) Sjugirov,S (2680)-Donchenko,A (2636) Chess.com INT 2022}) 9... Be6 10. Nd3 Nbd7 11. b3 O-O-O 12. a5 h4 13. Bb2 {[%emt 0:18:18] [#]} Nc5 $1 14. b4 (14. Bc3 Be3) 14... Nxd3 15. Bxd3 Bf4 16. Ke2 Rh5 17. Nf1 Rg5 18. g3 {[%emt 0:03:32] Black must now prevent Bxf6.} hxg3 19. hxg3 Bd6 20. f4 Rh5 21. Rxh5 Nxh5 22. Bc3 c5 $1 23. e5 cxb4 24. Bd4 Bc7 25. Bxa7 b3 (25... g5 $11 {remains equal.} 26. Be3 gxf4 27. gxf4 f6) 26. cxb3 $16 Bxb3 27. Rc1 {[%emt 0:01:48] Threatens to win with Bb6.} Bd5 (27... Ba4 $1 $14) 28. Bb5 Ng7 29. Ne3 Ne6 $2 (29... Bc6 30. Bxc6 bxc6) 30. Nxd5 $18 Rxd5 {[%emt 0:00:06] [#]} 31. Bc4 ({Weaker is} 31. Be8 Rxa5 32. Be3 (32. Bxf7 Nxf4+ 33. gxf4 Rxa7 $14) 32... f6 $16) 31... Rd7 (31... Rxa5 $2 32. Bxe6+ fxe6 33. Bb6 $18) 32. Bb6 {[%emt 0:03:36] Hoping for Bxe6.} Kb8 $2 (32... Kd8 33. Ke3 Bxb6+ 34. axb6 Nc5) 33. Bxe6 {[%emt 0:00:06] White is clearly winning.} fxe6 34. Rh1 {[%emt 0:00:04] Strongly threatening Rh8+.} Bxb6 35. axb6 {[%emt 0:00:03] Threatening mate with Rh8+.} Kc8 (35... Rd8 $142 36. Rh7 Re8) 36. Rh7 {[%emt 0:00:02] Weighted Error Value: White=0.06 (flawless) /Black=0.22 (precise)} 1-0

[Event "58th Akiba Rubinstein GM 2022"]
[Site "Polanica-Zdroj"]
[Date "2022.08.16"]
[Round "4.3"]
[White "Donchenko, Alexander"]
[Black "Tomczak, Jacek"]
[Result "0-1"]
[ECO "A05"]
[WhiteElo "2630"]
[BlackElo "2596"]
[Annotator "TA"]
[PlyCount "48"]
[EventDate "2022.08.13"]
[EventCountry "POL"]
[SourceTitle "playchess.com"]
[Source "ChessBase"]
[SourceQuality "1"]
[TimeControl "40/5400+30:1800+30"]

1. Nf3 Nf6 2. c4 g6 3. Nc3 Bg7 4. e4 e5 5. Nxe5 O-O 6. Nf3 {[%emt 0:00:27] A16: English Opening: 1...Nf6 with ...d5.} Re8 $1 7. d3 d5 $1 8. cxd5 {[%emt 0:00:22] White is slightly better.} Nxd5 9. Bd2 Bg4 10. Be2 Bxf3 11. gxf3 Nb4 12. Be3 N8c6 {[%emt 0:00:07] Prevents d4.} 13. a3 Na6 {[%emt 0:00:18] [#]} 14. Nb5 $146 {[%emt 0:00:53] Black should prevent d4.} ({Predecessor:} 14. Rc1 Nd4 15. b4 c6 16. h4 Nc7 17. h5 a5 18. hxg6 hxg6 19. bxa5 Nce6 20. f4 Qxa5 {0-1 (61) Sargsyan,S (2601)-Gupta,A (2603) Chess.com INT 2020}) 14... Nd4 15. Nxd4 Bxd4 16. Qa4 c5 (16... Bxb2 17. Rb1 Bc3+ 18. Kf1 $16) 17. f4 Bxe3 ({Much less strong is} 17... Bxb2 18. Rb1 Bc3+ 19. Kf1 $16) 18. fxe3 c4 19. O-O-O ({Don't blunder} 19. dxc4 $2 Qh4+ 20. Kd2 Rad8+ 21. Kc2 (21. Kc1 $2 Qf2 $19) 21... Qf2 $19) ({White should try} 19. Qxc4 $11 Rc8 20. Qb5) 19... c3 $1 $15 20. bxc3 Rc8 21. Kc2 Nc5 {[%emt 0:02:46][%mdl 1024] Black has compensation.} 22. Qd4 ({Wrong is} 22. Qxa7 $2 Qc7 23. Rb1 Nxd3 $1 $19) (22. Qb4 $1 $11) 22... Qh4 $1 $17 {[%emt 0:01:23] White must now prevent ...b5.} 23. Rd2 {[%emt 0:03:16] [#]} (23. Rhf1 $1 $15) 23... Red8 (23... b5 $142 $1 {Threatens to win with ...Na4.} 24. Rhd1 Red8) 24. Qe5 $2 {[%emt 0:01:20][%mdl 8192] [#]} (24. Qb4 $17) 24... f6 $1 {[%emt 0:01:06] Weighted Error Value: White=0.60/Black=0.07 (flawless)} 0-1

[Event "58th Akiba Rubinstein GM 2022"]
[Site "Polanica-Zdroj"]
[Date "2022.08.16"]
[Round "4.4"]
[White "Bernadskiy, Vitaliy"]
[Black "Mastrovasilis, Dimitrios"]
[Result "1/2-1/2"]
[ECO "C65"]
[WhiteElo "2598"]
[BlackElo "2597"]
[Annotator "TA"]
[PlyCount "67"]
[EventDate "2022.08.13"]
[EventCountry "POL"]
[SourceTitle "playchess.com"]
[Source "ChessBase"]
[SourceQuality "1"]
[TimeControl "40/5400+30:1800+30"]

1. e4 e5 2. Nf3 Nc6 3. Bb5 Nf6 4. d3 Bc5 5. O-O Nd4 6. Nxd4 Bxd4 7. c3 {[%emt 0:00:26] C65: Ruy Lopez: Berlin Defence (3...Nf6), unusual lines and 4 0-0 Bc5.} Bb6 8. Na3 $1 {[%emt 0:00:47][%cal Bb1a3,Ba3c4,Bc4e3][%mdl 4] 8.Na3 is the modern continuation.} O-O 9. Bg5 h6 10. Bh4 c6 11. Ba4 d6 12. Nc4 Bc7 {[%emt 0:13:17] [#] Hoping for ...b5.} 13. Ne3 g5 14. Bg3 Be6 15. Bb3 {[%emt 0:02:27] [#]} Qe7 $146 ({Predecessor:} 15... a5 16. a4 Qd7 17. Bc2 Ng4 18. Nxg4 Bxg4 19. f3 Be6 20. d4 f6 21. Qd2 Rad8 {½-½ (30) Hansen,E (2577)-Movsesian,S (2659) Doha 2014}) 16. h4 Kh8 17. Re1 Rg8 18. hxg5 hxg5 19. Bh2 g4 (19... Kg7 {seems wilder.} 20. g4 Rh8 21. Qf3 Rh6) 20. Kf1 Bb6 21. Qd2 Kg7 22. Ke2 Rh8 23. Rh1 Nh5 24. Bxe6 {[%emt 0:02:25] [#] Strongly threatening Nf5+.} Bxe3 25. Qxe3 Qxe6 26. Bg3 Rh6 27. Kd2 Rah8 28. Rhg1 c5 29. Bh4 Rg6 30. g3 f5 31. exf5 Qxf5 32. Raf1 Rf8 33. f3 Nf6 (33... gxf3 $2 34. g4 Qf4 35. gxh5 $18) 34. c4 {[%emt 0:02:35] Weighted Error Value: White=0.05 (flawless) /Black=0.06 (flawless)} 1/2-1/2

[Event "58th Akiba Rubinstein GM 2022"]
[Site "Polanica-Zdroj"]
[Date "2022.08.16"]
[Round "4.5"]
[White "Teclaf, Pawel"]
[Black "Kempinski, Robert"]
[Result "1/2-1/2"]
[ECO "B46"]
[WhiteElo "2550"]
[BlackElo "2558"]
[Annotator "TA"]
[PlyCount "155"]
[EventDate "2022.08.13"]
[EventCountry "POL"]
[SourceTitle "playchess.com"]
[Source "ChessBase"]
[SourceQuality "1"]
[TimeControl "40/5400+30:1800+30"]

1. e4 c5 2. Nf3 e6 3. d4 cxd4 4. Nxd4 Nc6 5. Nc3 a6 6. Be2 d6 7. Be3 {[%emt 0:00:24] B54: Sicilian: 2...d6 3 d4 cxd4 4 Nxd4, Unusual Lines .} Bd7 8. Qd2 b5 {[%emt 0:03:45] [#]} 9. a3 $146 {[%emt 0:02:33][%cal Ba2a3,Ba3a4][%mdl 32] White is slightly better.} ({Predecessor:} 9. f4 Rc8 10. Nxc6 Bxc6 11. Bf3 Nf6 12. a3 Be7 13. O-O O-O 14. Rad1 Qc7 15. Qf2 Qb7 16. e5 dxe5 17. fxe5 Nd7 18. Qg3 Bxf3 19. Rxf3 Bc5 20. Bxc5 Rxc5 21. Re1 Qc7 22. Rfe3 Rc8 23. h3 {0-1 (50) Paehtz,E (2459)-Bischoff,K (2564) Playchess.com INT 2003}) 9... Nge7 10. Nb3 Nc8 11. a4 b4 12. Na2 a5 $1 13. c3 $36 {[%emt 0:01:31][%mdl 2048] White is pushing.} Rb8 14. Bb5 Ne5 15. Bxd7+ (15. O-O $16) 15... Qxd7 $14 16. Nxa5 Qxa4 17. cxb4 Qb5 (17... Be7 $16 {was called for.}) 18. Nc3 $18 Qxb4 19. b3 Ra8 20. Ra4 Qb8 21. O-O ({White should play} 21. f4 Ng4 22. Bd4) 21... Be7 $16 22. Qe2 (22. f4 $16 Ng4 23. Bd4 (23. Nc6 Qb7 $16)) 22... O-O 23. f4 Nd7 (23... Bd8 $14) 24. Nc6 Qc7 {[%emt 0:01:31] [#]} 25. Qb5 (25. Rxa8 $6 Qxc6 26. Rfa1 Bf6 $14) 25... Rxa4 26. bxa4 (26. Qxa4 $6 Bf6 $11) 26... Bf6 27. Rc1 Bxc3 28. Rxc3 {[%emt 0:00:08][%cal Oc6e7] aiming for Ne7+!} Nf6 29. a5 {[%emt 0:03:21] 0x0.0024d6363f0bdp-1022s more active pieces.} ({White should try} 29. Rb3) 29... Nxe4 30. Rc1 Nc5 31. Bxc5 dxc5 32. Qxc5 Qxf4 33. a6 h6 34. Ra1 Re8 35. a7 Nxa7 36. Rxa7 Kh8 37. Ne5 Rb8 {[%emt 0:01:33] [#] ( -> ...Rb1+)} 38. Ra1 {[%emt 0:00:26] Inhibits Rb1+.} (38. Nxf7+ $6 Kh7 39. Qc2+ Kg8 40. Nxh6+ Qxh6 $11) 38... Kg8 39. Rf1 Qg5 40. Rxf7 (40. Qc3 $16) 40... Rb1+ $11 {[%emt 0:00:00] The position is equal.} 41. Rf1 Rxf1+ 42. Kxf1 Qf5+ 43. Ke1 Qe4+ 44. Kd1 {[%emt 0:02:24] Hoping for Qc8+.} Qxg2 45. Qc8+ Kh7 46. Qc2+ Qxc2+ 47. Kxc2 {[%emt 0:00:03][%mdl 4096] Endgame KN-K3P} h5 $1 48. Kd3 Kh6 49. Nf3 g5 $1 50. Nd4 g4 $1 51. Ke4 Kg5 52. Ne2 Kh4 53. Ng1 {[%emt 0:00:10] Kf4 is the strong threat.} e5 54. Ke3 Kg5 55. Kf2 Kh4 56. Ke2 Kg5 57. Ke3 Kf5 58. Ne2 h4 59. Kd3 Ke6 (59... g3 $2 60. h3 $18) 60. Ke4 Kf6 $1 61. Nc3 {[%emt 0:00:47] Black must now prevent Nd5+.} Ke6 62. Ke3 Kf5 (62... g3 $2 63. h3 $18 (63. hxg3 hxg3 64. Kf3 Kf7 $11)) 63. Ne2 Ke6 (63... g3 64. h3 Ke6 65. Ng1 $18) 64. Nc1 Kf5 (64... g3 65. h3 (65. hxg3 hxg3 66. Kf3 Kf7 $11) 65... Kf5 66. Ne2 $18) 65. Ne2 Ke6 (65... g3 66. h3 Ke6 67. Ng1 $18) 66. Nc3 Kf5 (66... g3 $2 67. h3 $18 (67. hxg3 hxg3 68. Kf3 Kf7 $11)) 67. Nd1 Ke6 (67... g3 $2 68. h3 $18 (68. hxg3 hxg3 69. Kf3 Kg6 $11)) 68. Nb2 Kf5 (68... g3 69. h3 (69. hxg3 hxg3 70. Kf3 Kf7 $11) 69... Kd5 70. Nd1 $18 (70. Kf3 Kd4 $11)) 69. Nd3 Ke6 (69... g3 70. h3 $18) 70. Nc1 Kf5 (70... g3 $2 71. h3 $18 (71. hxg3 hxg3 72. Kf3 Kf7 $11)) 71. Na2 Ke6 (71... g3 72. h3 (72. hxg3 h3 $11) 72... g2 73. Kf2 $18) 72. Nb4 Kf5 (72... g3 73. h3 (73. hxg3 hxg3 74. Kf3 Kf7 $11) 73... Kf5 74. Nc2 $18) 73. Nc2 Ke6 (73... g3 74. h3 (74. hxg3 hxg3 75. Kf3 Kg6 $11) 74... g2 75. Kf2 $18) 74. Ke2 {[%emt 0:00:43] And now Ne3 would win.} Kf5 (74... g3 75. h3 $18 (75. hxg3 hxg3 76. Kf3 Kf7 $11)) 75. Ne3+ Kf4 76. Ng2+ Kg5 77. Ne1 Kf4 78. Nd3+ {[%emt 0:00:38] Blacks defense is rewarded with a draw.  Weighted Error Value: White=0.09 (flawless) /Black=0.08 (flawless)} 1/2-1/2

[Event "58th Akiba Rubinstein GM 2022"]
[Site "Polanica-Zdroj"]
[Date "2022.08.17"]
[Round "5.1"]
[White "Tomczak, Jacek"]
[Black "Bernadskiy, Vitaliy"]
[Result "1-0"]
[ECO "C88"]
[WhiteElo "2596"]
[BlackElo "2598"]
[Annotator "TA"]
[PlyCount "112"]
[EventDate "2022.08.13"]
[EventCountry "POL"]
[SourceTitle "playchess.com"]
[Source "ChessBase"]
[SourceQuality "1"]
[TimeControl "40/5400+30:1800+30"]

1. e4 e5 2. Nf3 Nc6 3. Bb5 a6 4. Ba4 Nf6 5. O-O b5 6. Bb3 Bb7 7. Re1 Be7 8. c3 O-O 9. d4 d6 10. a3 {[%emt 0:08:10] C91: Closed Ruy Lopez: 7...d6 8 c3 0-0 9 d4.} Na5 11. Bc2 c5 {[%emt 0:00:40] [#]} 12. d5 $146 {[%emt 0:02:30] White is slightly better.} ({Predecessor:} 12. b4 Nc4 13. bxc5 dxc5 14. Nxe5 Nxe5 15. dxe5 Nxe4 16. Qe2 Ng5 17. f4 Ne6 18. f5 {0-1 (55) Lagno,K (2542)-Kovanova,B (2371) Belgrade 2013}) 12... c4 13. Nbd2 Nd7 14. Nf1 Nc5 15. Be3 {[%emt 0:01:26] Hoping for Bxc5.} Nab3 16. Rb1 a5 17. Ng3 Bc8 18. Nf5 Bxf5 19. exf5 a4 20. Bxb3 Nxb3 21. Qc2 g6 22. g4 Kg7 23. Kh1 h6 {[%emt 0:01:05] Prevents g5.} 24. Kg2 ({White should try} 24. Nd2 $11) 24... Bg5 25. Nxg5 hxg5 26. fxg6 fxg6 27. f3 Qf6 28. Qe4 Rac8 29. Rbd1 Nc5 30. Bxc5 Rxc5 31. Rd2 Qe7 32. Qc2 Qb7 33. Qd1 Rc7 34. Rf2 Rcf7 35. h3 Rf4 36. Re4 Qf7 {[%emt 0:01:09] [#] White must now prevent ...Rxe4.} (36... Qa7 {looks sharper.} 37. Qe1 Rh8 38. Qd2 Rff8) 37. Rxf4 (37. Rf1 $142) 37... gxf4 $17 {[%emt 0:02:14][%mdl 4096] Endgame KQR-KQR} ({Much worse is} 37... exf4 $6 38. Qd4+ Kg8 39. Re2 $11) ({Not} 37... Qxf4 38. Rf1 $15) 38. Rf1 Qe7 39. Qc2 (39. Qe1 $17) 39... Qh4 $19 {[%emt 0:00:30] Black is clearly better.} 40. Qf2 {[%emt 0:00:00] Prevents Qg3+.} Qxf2+ 41. Rxf2 {[%emt 0:01:43] KR-KR} Rh8 42. Rf1 Kf6 43. Re1 g5 44. Re2 Ke7 45. Re1 Kd7 46. Re2 Kc7 47. Rd2 Kb6 48. Rd1 Kc5 49. Rd2 Rh7 50. Kh2 Kb6 51. Kg2 Kc7 52. Rd1 Kd8 53. Re1 Ke7 54. Re2 Kf6 55. Re1 Rc7 56. Rd1 Rh7 $2 {[%emt 0:06:28][%mdl 32768] Weighted Error Value: White=0.07 (flawless) /Black=0.01 (flawless) . Loss on time!?} ({Black should play} 56... Rc5 $19 57. Kf2 Rc7) 1-0